AoeStats
← THL

Golden Pit

510087974Analyzed
1v1 RM · 3d ago on Sep 29, 2026· 44m 30s· 2 players
Game mode
Random Map
Map size
Tiny (2 player)
Population
200
Speed
Normal
Resources
Standard
Victory
Conquest
Starting age
Dark Age
Ending age
Imperial Age
RankedLock teamsTeams togetherTeam positionsShared explorationLock speedFull tech treeHidden civsTurbo modeCheats
Victory
Defeat
🇻🇳 Tatars · Vietnam
1806
+15
🇹🇷 Britons · Türkiye
1782
-15
Çıkmaz Sokak
9:20 Feudal Age
8:41 Loom
13:56 Castle Age
13:37 Double-Bit Axe
16:01 Horse Collar
20:19 Fletching
24:09 Wheelbarrow
25:42 Bodkin Arrow
32:36 Imperial Age
31:36 Bow Saw
32:09 Yeomen
33:15 Ballistics
34:27 Conscription
34:54 Bracer
38:53 Chemistry
38:32 Bow Saw
38:50 Warwolf
40:43 Padded Archer Armor
42:49 Stone Mining
42:50 Gold Mining
43:16 Leather Archer Armor
44:34 Hand Cart
44:23 Heavy Plow
44:54 Ring Archer Armor
THL
6:42 Loom
8:53 Feudal Age
9:28 Double-Bit Axe
17:59 Castle Age
17:52 Bloodlines
19:05 Bow Saw
20:32 Town Watch
20:32 Horse Collar
20:56 Fletching
20:59 Stone Mining
20:59 Gold Mining
20:58 Elite Skirmisher
22:50 Bodkin Arrow
24:30 Padded Archer Armor
26:59 Leather Archer Armor
27:15 Ballistics
28:00 Wheelbarrow
28:46 Stone Mining
32:27 Imperial Age
30:40 Treadmill Crane
31:23 Hand Cart
31:11 Heavy Plow
33:34 Gold Shaft Mining
33:28 Bracer
34:31 Chemistry
35:45 Ring Archer Armor
36:48 Conscription
36:14 Light Cavalry
37:05 Bloodlines
37:14 Scale Barding Armor
37:45 Forging
38:24 Chain Barding Armor
38:22 Husbandry
39:27 Iron Casting
39:05 Silk Armor
39:47 Plate Barding Armor
41:22 Hussar
43:04 Crop Rotation
44:33 Blast Furnace
Connection lost

Rejoining the realm…

Still unreachable

The connection could not be restored.

Session expired

The server has moved on; the page needs a fresh start.